Map: Amygdala

Players

james

  • Race: Protoss Protoss
  • League: Silver
  • Spawn Location: 7:00

WeAreLegion - Winner!

  • Race: Terran Terran
  • League: Silver
  • Spawn Location: 1:00

VOD

Have the link to the VOD?

Description

Time

  • Played on: Dec. 2, 2024, 9:42 p.m.
  • Length: 11:55
Show
View Real Time Build Order
Export as new Build Order

james Protoss 

Build Orders:  

Get SALT Encoding   

  12  0:15  Pylon  
  12  0:32  Probe  
  13  0:41  Probe  
  13  0:45  Forge  
  13  0:49  Probe  
  15  0:58  Probe  
  16  1:10  Probe  
  17  1:12  Assimilator  
  17  1:17  Assimilator  
  17  1:33  Photon Cannon  
  17  1:39  Probe  
  17  1:43  Pylon  
  18  1:47  Probe  
  19  1:55  Probe  
  20  2:03  Pylon  
  20  2:10  Probe  
  20  2:14  Pylon  
  21  2:18  Probe  
  22  2:26  Probe  
  23  2:42  Photon Cannon  
  23  2:52  Photon Cannon  
  23  3:06  Gateway  
  23  3:28  Gateway  
  23  3:36  Gateway  
  23  3:38  Gateway  
  23  3:49  Gateway  
  23  3:50  Gateway  
  23  3:53  Gateway  
  23  4:04  Cybernetics Core  
  23  4:15  Gateway  
  23  4:30  Warp Gate  
  23  4:50  Stalker x4  
  23  4:51  Stalker x3  
  37  5:00  Stalker  
  39  5:17  Stalker x2  
  39  5:18  Probe  
  44  5:21  Twilight Council  
  44  5:26  Probe  
  44  5:35  Probe  
  46  5:47  Probe  
  47  5:50  Pylon  
  47  6:08  Probe  
  47  6:10  Pylon  
  48  6:11  Charge  
  48  6:16  Pylon  
  48  6:32  Dark Shrine  
  48  6:34  Pylon  
  48  7:02  Robotics Facility  
  28  7:43  Probe  
  29  7:49  Nexus  
  29  7:55  Probe  
  29  7:57  Warp Prism  
  32  8:07  Probe  
  33  8:19  Robotics Facility, Probe  
  34  8:31  Probe  
  35  8:42  Observer  
  35  8:43  Probe  
  37  8:55  Probe  
  38  9:03  Probe  
  38  9:07  Assimilator x2  
  38  9:08  Probe  
  40  9:18  Observer  
  40  9:20  Probe  
  42  9:33  Gateway  
  42  9:37  Gateway  
  42  9:38  Gateway  
  42  9:56  Pylon  
  42  10:06  Gateway  
  41  10:10  Gateway  
  37  10:32  Dark Templar  
  37  10:33  Dark Templar  
  37  10:35  Dark Templar  
  40  10:36  Dark Templar  
  40  10:38  Dark Templar  
  40  10:39  Dark Templar  
  40  10:41  Dark Templar  
  40  10:42  Dark Templar  
  39  10:43  Dark Templar  
  39  10:45  Dark Templar  
  39  10:46  Dark Templar  
  8  11:02  Dark Templar  
  8  11:10  Zealot  
  10  11:11  Zealot  
  10  11:13  Zealot  
  10  11:14  Zealot  
  10  11:15  Zealot  
  10  11:16  Zealot  
  17  11:20  Zealot  
  17  11:21  Zealot  
Show
View Real Time Build Order
Export as new Build Order

WeAreLegion Terran - Winner!

Build Orders: Reaper Expand 

Get SALT Encoding   

  12  0:00  SCV  
  13  0:12  SCV  
  14  0:18  Supply Depot  
  14  0:24  SCV  
  15  0:40  SCV  
  15  0:41  Barracks  
  16  0:51  Refinery  
  16  0:52  SCV  
  17  1:04  SCV  
  18  1:16  SCV  
  19  1:29  Orbital Command  
  19  1:34  Reaper  
  20  1:52  Command Center  
  20  1:58  SCV  
  21  2:06  Supply Depot  
  21  2:15  Bunker  
  21  2:19  Marine  
  21  2:21  SCV  
  23  2:33  SCV, Factory  
  24  2:41  Marine  
  25  2:45  SCV  
  26  2:55  Refinery  
  26  2:57  SCV  
  27  3:10  SCV, Barracks Reactor  
  28  3:13  Orbital Command  
  28  3:20  Starport  
  28  3:22  SCV  
  28  3:23  Hellion  
  31  3:34  SCV  
  32  3:42  SCV  
  32  3:46  SCV, Factory Tech Lab  
  34  3:53  Marine x2  
  34  3:55  SCV  
  37  3:57  Medivac  
  37  3:58  SCV  
  40  4:03  Supply Depot  
  40  4:07  SCV, Engineering Bay  
  41  4:10  SCV  
  41  4:11  Marine x2  
  44  4:19  SCV  
  44  4:22  SCV  
  46  4:25  Siege Tank  
  46  4:27  Supply Depot  
  46  4:29  Marine x2  
  46  4:31  SCV  
  52  4:32  Barracks  
  52  4:34  SCV  
  52  4:35  Barracks  
  53  4:43  SCV, Starport Tech Lab  
  54  4:48  SCV, Marine x2  
  57  4:53  Supply Depot  
  57  4:55  Supply Depot, SCV  
  58  5:00  SCV  
  58  5:06  Marine x2  
  61  5:07  SCV  
  62  5:15  Terran Infantry Weapons Level 1  
  62  5:17  Supply Depot, Factory Reactor  
  62  5:18  SCV  
  62  5:19  SCV  
  64  5:24  Marine x2  
  66  5:29  Raven, Barracks Tech Lab  
  66  5:35  Barracks  
  70  5:41  Marine x2  
  70  5:43  Marine  
  71  5:55  Widow Mine x2  
  75  5:59  Marine x2  
  75  6:01  Marine  
  75  6:04  Refinery x2  
  78  6:13  Stimpack  
  78  6:17  Marine x2  
  80  6:19  Starport Reactor  
  80  6:20  Marauder  
  80  6:25  Supply Depot  
  82  6:29  Supply Depot  
  82  6:30  Marine  
  84  6:35  Marine, Command Center  
  84  6:41  Marauder  
  84  6:42  Combat Shield  
  86  6:48  Supply Depot, Marauder  
  86  6:51  Marine x2  
  86  6:52  Supply Depot  
  86  6:53  Marine  
  91  6:55  Widow Mine  
  93  7:02  Marauder  
  95  7:09  Marine, Marauder  
  95  7:10  Marine, Marauder  
  97  7:24  Marauder  
  97  7:27  Marine  
  100  7:31  Marauder x2  
  104  7:45  Marauder  
  106  7:52  Marine x3, Marauder  
  106  7:54  Widow Mine x2  
  106  7:55  Medivac x2  
  119  8:07  Marauder  
  119  8:10  Marauder  
  123  8:14  Marauder  
  123  8:15  Widow Mine  
  127  8:22  Marine x2  
  127  8:25  Viking, Medivac  
  133  8:34  Supply Depot  
  133  8:41  Supply Depot, Terran Infantry Armor Level 1  
  133  8:45  Marine x2  
  133  8:46  Marauder  
  127  8:55  Viking x2  
  131  8:56  Supply Depot  
  131  8:58  Ghost Academy  
  131  9:04  Supply Depot, Marauder x2  
  131  9:07  Marauder  
  137  9:22  Marine  
  137  9:23  Marine  
  139  9:24  Marine x2  
  139  9:26  Supply Depot  
  139  9:28  Marine  
  142  9:40  Marine x2  
  142  9:42  Widow Mine x2  
  142  9:43  Marauder x2  
  152  9:46  Marauder  
  152  9:47  Factory  
  152  9:50  Personal Cloaking  
  152  9:52  Concussive Shells  
  154  9:58  Marine x2  
  156  10:03  Widow Mine x2  
  156  10:04  Marauder x2  
  164  10:08  Marauder  
  155  10:57  Orbital Command  
  155  10:59  SCV x2  
  156  11:11  SCV  
  156  11:12  SCV  
  156  11:23  SCV  
  156  11:24  SCV  
  154  11:35  SCV  
  154  11:36  SCV  
Tags
 
Matchup
PvT
Replay Pack
December
Spawn Locations
Cross Positions
Add a new tag
Caveats
  • Supply blocks, unpowered buildings, or Contaminate may cause inaccurate times.
  • Supply counts are checked every 10 seconds.